 Dungeon Crawl Stone Soup version 0.18.1-8-gdd0e5ea (webtiles) character file.

36 pipel the Shield-Bearer (level 3, -8/30 HPs)
             Began as a Formicid Fighter on May 21, 2016.
             Engulfed by a cloud of flame (31 damage)
             ... on level 2 of the Dungeon.
             The game lasted 00:01:29 (888 turns).

pipel the Shield-Bearer (Formicid Fighter)           Turns: 888, Time: 00:01:30

Health: -8/30      AC:  9    Str: 21    XL:     3   Next: 57%
Magic:  3/3        EV:  8    Int:  7    God:
Gold:   51         SH:  9    Dex: 10    Spells: 0 memorised, 2 levels left

rFire  . . .     SeeInvis +     a - +0 war axe
rCold  . . .     Gourm    .     p - +0 scale mail
rNeg   . . .     Faith    .     c - +0 shield
rPois  .         Spirit   .     (helmet unavailable)
rElec  .         Dismiss  .     (no cloak)
rCorr  .         Reflect  .     (no gloves)
SustAt .         Harm     .     o - +1 pair of boots
MR     .....                    (no amulet)
Stlth  ..........               (no ring)
                                (no ring)

@: not resistant to hostile enchantments, extremely unstealthy
A: permanent stasis, dig shafts and tunnels, four strong arms, antennae 3
a: Dig, Shaft Self


You were on level 2 of the Dungeon.
You were not hungry.

You visited 1 branch of the dungeon, and saw 2 of its levels.

You collected 51 gold pieces.

Inventory:

Hand Weapons
 a - a +0 war axe (weapon)
Missiles
 j - 2 javelins (quivered)
 k - 15 poisoned needles
Armour
 b - a +0 scale mail
 c - a +0 shield (worn)
 o - a +1 pair of boots (worn)
 p - a +0 scale mail (worn)
Scrolls
 e - 4 scrolls of remove curse
 q - a scroll of fear {unknown}
Potions
 d - a potion of might
 g - a potion of heal wounds {unknown}
 h - 2 potions of agility {unknown}
 n - a potion of brilliance {unknown}
Comestibles
 f - 3 bread rations
 l - a beef jerky


   Skills:
 + Level 3.8 Fighting
 + Level 2.2 Axes
 + Level 3.6 Armour
 + Level 0.1 Dodging
 + Level 4.2 Shields


You had 2 spell levels left.
You didn't know any spells.

Dungeon Overview and Level Annotations

Branches:
Dungeon (2/15)

Altars:


Innate Abilities, Weirdness & Mutations

You are under a permanent stasis effect.
You can dig through walls and to a lower floor.
Your four strong arms can wield two-handed weapons with a shield.
You have a pair of large antennae on your head (SInv).


Message History

As you read the scroll labeled YTYEME WATAM, it crumbles to dust.
You feel as if something is helping you.
It was a scroll of remove curse.
Unknown command.
Read which item? (? for menu, Esc to quit)
As you read the scroll labeled NONECV ZICA, it crumbles to dust.
The creatures around you are filled with an inner flame!
It was a scroll of immolation.
Read which item? (? for menu, Esc to quit)
As you read the scroll labeled NANAWEUSKOU, it crumbles to dust.
It is a scroll of enchant armour.
Enchant which item? (? for menu, Esc to quit)
Your +0 pair of boots glows green for a moment.
You closely miss the giant gecko.
The giant gecko bites you but does no damage.
You slash the giant gecko!
The giant gecko explodes!
The fiery explosion engulfs you!
You are engulfed in roaring flames.
Ouch! That really hurt!
You die...

#..#.#.#.#.#.#.#####.##.####
#............#.#####.##.#
#..###.#######......>....
##.....###################
#####...........#
###########.# #.# #.# #@#
#ยงยงยง%.... #########


There were no monsters in sight!

Vanquished Creatures
  An adder (D:2)
  An ooze (D:1)
  A dart slug (D:1)
  A giant gecko (D:2)
  A ball python (D:2)
  A bat (D:2)
  A giant cockroach (D:1)
  2 goblins (D:2)
  3 hobgoblins (D:1)
  3 kobolds
  2 giant newts (D:2)
  3 rats
20 creatures vanquished.

Notes
Turn   | Place    | Note
--------------------------------------------------------------
     0 | D:1      | pipel the Formicid Fighter began the quest for the Orb.
     0 | D:1      | Reached XP level 1. HP: 18/18 MP: 1/1
   162 | D:1      | Reached XP level 2. HP: 24/24 MP: 2/2
   179 | D:1      | Reached skill level 4 in Shields
   760 | D:2      | Reached XP level 3. HP: 25/30 MP: 3/3
   888 | D:2      | Engulfed by a cloud of flame

Skill      XL: |  1  2 |
---------------+-------+-----
Shields        | 4 |  4.2
Fighting       | |  3.8
Axes           | |  2.2
Armour         | |  3.6
Dodging        | |  0.1

Action                   || total
-------------------------++-------
Melee: War axe           ||    62
  Use: Scroll            ||     4
Armor: Scale mail        ||    20
Dodge: Dodged            ||    17
Block: Shield            ||    35
